 Dungeon Crawl Stone Soup version 0.27-a0-1036-g8e1b44f6bd (webtiles) character file.

Game seed: 9219652564299760291

57 tardwrangler69 the Digger (level 3, 0/26 HPs)
             Began as a Draconian Earth Elementalist on Apr 18, 2021.
             Killed from afar by Sigmund (9 damage)
             ... with a puff of flame
             ... on level 2 of the Dungeon.
             The game lasted 00:02:31 (2054 turns).

tardwrangler69 the Digger (DrEE)                    Turns: 2054, Time: 00:02:31

Health: 0/26       AC:  6    Str: 10    XL:     3   Next: 73%
Magic:  1/7        EV: 12    Int: 16    God:
Gold:   80         SH:  0    Dex: 11    Spells: 6/7 levels left

rFire    . . .     SeeInvis .   d - +0 long sword
rCold    . . .     Faith    .   (no shield)
rNeg     . . .     Spirit   .   (armour unavailable)
rPois    .         Reflect  .   (helmet restricted)
rElec    .         Harm     .   (no cloak)
rCorr    .         Rampage  .   (no gloves)
Will     .....                  c - +0 pair of boots
Stlth    ++........             (no amulet)
HPRegen  0.08/turn              h - ring of wizardry
MPRegen  0.10/turn              (no ring)

@: no status effects
A: AC +5, unfitting armour, cold-blooded
a: no special abilities


You were on level 2 of the Dungeon.
You visited 1 branch of the dungeon, and saw 2 of its levels.

You collected 144 gold pieces.
You spent 64 gold pieces at shops.

Inventory:

Hand Weapons
 d - a +0 long sword (weapon)
Missiles
 b - 66 stones
Armour
 c - a +0 pair of boots (worn)
Jewellery
 e - an amulet of faith
 h - a ring of wizardry (left hand)
Scrolls
 a - a scroll of teleportation
 g - a scroll of enchant armour {unknown}
 i - a scroll of torment {unknown}
Potions
 f - 2 potions of attraction {unknown}


   Skills:
 - Level 1.7 Dodging
 - Level 1.7 Stealth
 + Level 2.7 Spellcasting
 - Level 1.0 Transmutations
 * Level 4.2 Earth Magic


You had 6 spell levels left.
You knew the following spells:

 Your Spells              Type           Power      Damage    Failure   Level
a - Sandblast             Erth           30%        2d9       1%          1

Your spell library contained the following spells:

 Spells                   Type           Power      Damage    Failure   Level
 Passwall                 Tmut/Erth      8%         N/A       4%          2
 Stone Arrow              Conj/Erth      16%        3d8       10%         3
 Petrify                  Tmut/Erth      10%        N/A       26%         4
 Lee's Rapid Deconstruct  Erth           7%         3d8*      34%         5


Dungeon Overview and Level Annotations

Branches:
Dungeon (2/15)

Altars:
Uskayaw

Shops:
D:1 ?[*:   D:2 *

Annotations:
D:2 Sigmund


Innate Abilities, Weirdness & Mutations

Your plain brown scales are hard. (AC +5)
You cannot fit into any form of body armour.
You are cold-blooded and may be slowed by cold attacks.


Message History

The magic dart hits you.
Casting: Sandblast (safe; 1% risk of failure)
Confirm with . or Enter, or press ? or * to list all spells.
Aiming: Sandblast (safe; 1% risk of failure)
Press: ? - help, Shift-Dir - straight line, f/p - Sigmund
Aim: Sigmund, wielding a +0 scythe, wearing a +0 robe and carrying a wand of flame (19) (77% to hit)
The blast of sand hits Sigmund.
Sigmund is lightly wounded.
Sigmund zaps a wand.
The puff of flame hits you.
Casting: Sandblast (safe; 1% risk of failure)
Confirm with . or Enter, or press ? or * to list all spells.
Aiming: Sandblast (safe; 1% risk of failure)
Press: ? - help, Shift-Dir - straight line, f/p - Sigmund
Aim: Sigmund, wielding a +0 scythe, wearing a +0 robe and carrying a wand of flame (18) (lightly wounded, 77% to hit)
The blast of sand hits Sigmund!
Sigmund is heavily wounded.
Sigmund zaps a wand.
The puff of flame hits you.
Casting: Sandblast (safe; 1% risk of failure)
Confirm with . or Enter, or press ? or * to list all spells.
Aiming: Sandblast (safe; 1% risk of failure)
Press: ? - help, Shift-Dir - straight line, f/p - Sigmund
Aim: Sigmund, wielding a +0 scythe, wearing a +0 robe and carrying a wand of flame (17) (heavily wounded, 77% to hit)
The blast of sand hits Sigmund.
Sigmund is severely wounded.
Sigmund closely misses you.
Casting: Sandblast (safe; 1% risk of failure)
Confirm with . or Enter, or press ? or * to list all spells.
You don't have enough magic to cast this spell.
Casting: Sandblast (safe; 1% risk of failure)
Confirm with . or Enter, or press ? or * to list all spells.
You don't have enough magic to cast this spell.
Sigmund gestures at himself while chanting.
Sigmund flickers and vanishes!
Deactivating autopickup; reactivate with Ctrl-A.
A puff of flame appears from out of thin air!
The puff of flame hits you!
You hear a zap.
A puff of flame appears from out of thin air!
The puff of flame hits you!
You die...

#......####.##.#,*
#..............#,*
#......####.####,*
#......# #...,,,*
###.#### ###########
#.# #.........#
##.#######.#######.#
#....).....# #.# #
**#...{....@.# #.#
##***#............#
#.#
..,,,.............#
#.#
..,,,....##########
####.# .#,,,...,*
#....# .#***#.,,*
#.#### .# #,,,* #.#
.# *,,,* #.# .###
***** #.#


There were no monsters in sight!

Vanquished Creatures
  An adder (D:2)
  A worm (D:2)
  A dart slug (D:1)
  4 endoplasms (D:2)
  A giant cockroach (D:2)
  6 goblins
  5 hobgoblins (D:2)
  3 jackals (D:2)
  5 quokkas
  4 bats
  3 frilled lizards
  2 kobolds (D:2)
  3 rats
39 creatures vanquished.

Notes
Turn   | Place    | Note
-------+----------+-------------------------------------------
     0 | D:1      | tardwrangler69 the Draconian Earth Elementalist began the
                  | quest for the Orb.
     0 | D:1      | Reached XP level 1. HP: 14/14 MP: 3/3
    18 | D:1      | Found Hulale's Antique Armour Emporium.
   370 | D:1      | Reached XP level 2. HP: 16/20 MP: 5/5
   518 | D:1      | Found Riluzxeku's Magic Scroll Emporium.
   629 | D:1      | Found Xonnyil's General Store.
   633 | D:1      | Found Uloasch's Book Shop.
   660 | D:1      | Bought a potion of degeneration for 10 gold pieces
   677 | D:1      | Found a faded altar of an unknown god.
  1370 | D:2      | Found a hide-covered altar of Uskayaw.
  1395 | D:2      | Found Vylulubo's Assorted Antiques.
  1412 | D:2      | Bought a scroll labelled UZIEWITIOD for 27 gold pieces
  1412 | D:2      | Bought a scroll labelled SEIPTI RAITI for 27 gold pieces
  1423 | D:2      | Reached XP level 3. HP: 25/26 MP: 6/6
  1508 | D:2      | Reached skill level 4 in Earth Magic
  2042 | D:2      | Noticed Sigmund
  2054 | D:2      | Killed from afar by Sigmund

Illustrated notes

Levels and vault maps discovered:
D:1:      dpeg_arrival_rhombus, layout_loops_ring, basic_ecumenical_altar,
          serial_shops, shop, shop_coins, shop, shop
D:2:      layout_basic, basic_altar, serial_shops, shop,
          minmay_misc_feat_encased, uniq_sigmund

Skill      XL: |  1  2  3 |
---------------+----------+-----
Earth Magic    | 4 |  4.2
Dodging        | |  1.7
Stealth        | |  1.7
Spellcasting   | |  2.7
Transmutations | |  1.0

Action                   || total
-------------------------++-------
Melee: Unarmed           ||    15
       Long sword        ||    66
       Tailslap          ||     6
 Cast: Sandblast         ||    23
  Use: Scroll            ||     3
 Stab: Sleeping          ||     7
Armor: Skin              ||    31
Dodge: Dodged            ||    66
       Rpst.: Long sword ||    11

Table legend: (Time is in decaauts)
 A = Elapsed time spent in this place.
 B = Non-inter-level travel time spent in this place.
 C = Inter-level travel time spent in this place.
 D = Time resting spent in this place.
 E = Time spent auto-exploring this place.
 F = Levels seen in this place.
 G = Mean time per level.
                   A        B        C        D        E       F      G
               +--------+--------+--------+--------+--------+-----+--------+
         Total |   2079 |   2054 |     25 |      0 |   1750 |   2 | 1039.5 |
       Dungeon |   2079 |   2054 |     25 |      0 |   1750 |   2 | 1039.5 |
               +--------+--------+--------+--------+--------+-----+--------+

Top non-repeatable levels by time:
     D:2: 1162 daAuts
     D:1: 916 daAuts
